 Dungeon Crawl Stone Soup version 0.29.1-12-g30fa7ad0bf (webtiles) character file.

Game seed: 6656789692736577731

62 Descartes the Sneak (level 3, -1/17 HPs)
             Began as a Felid Delver on Dec 20, 2022.
             Slain by an orc wizard
             ... wielding a +0 dagger
              (3 damage)
             ... on level 2 of the Dungeon.
             The game lasted 00:03:38 (3100 turns).

Descartes the Sneak (Felid Delver)                  Turns: 3100, Time: 00:03:39

Health: -1/17      AC:  1    Str: 10    XL:     3   Next: 85%
Magic:  4/4        EV: 18    Int: 11    God:
Gold:   223        SH:  0    Dex: 17    Spells: 2/2 levels left
                                        Lives:  0   Deaths: 0

rFire   . . .      SeeInvis +     - Unarmed
rCold   . . .      Faith    .   (shield unavailable)
rNeg    . . .      Spirit   .   (body armour unavailable)
rPois   .          Reflect  .   (helmet unavailable)
rElec   .          Harm     .   (cloak unavailable)
rCorr   .          Rampage  .   (gloves unavailable)
Will    .....                   (boots unavailable)
Stlth   ++++......              (no amulet)
HPRegen 0.05/turn               (no ring)
MPRegen 0.09/turn               (no ring)

@: quick
A: very small, claws 1, fangs 3, see invisible, speed 1, shaggy fur 1, stealthy
paws, no weapons or thrown items, no armour, multi-lived
a: no special abilities


You were on level 2 of the Dungeon.
You visited 1 branch of the dungeon, and saw 5 of its levels.

You collected 223 gold pieces.

Inventory:

Wands
 e - a wand of digging (3)
 f - a wand of quicksilver (3)
Scrolls
 a - a scroll of fog
 b - 2 scrolls of magic mapping
 c - a scroll of fear
 g - a scroll of summoning {unknown}
 i - 3 scrolls of enchant armour {unknown}
 k - 2 scrolls of amnesia {unknown}
 n - a scroll of identify {unknown}
Potions
 d - a potion of haste
 h - a potion of degeneration {unknown}
 j - 2 potions of heal wounds {unknown}
 l - 2 potions of curing {unknown}
 m - 3 potions of berserk rage {unknown}
 o - a potion of mutation {unknown}


   Skills:
 + Level 3.5 Fighting
 + Level 3.6 Dodging
 + Level 7.1 Stealth
 + Level 2.6 Unarmed Combat


You had 2 spell levels left.
You didn't know any spells.
Your spell library contained the following spells:

 Spells                   Type           Power      Damage    Failure   Level
 Passage of Golubria      Tloc           0%         N/A       98%         4
 Silence                  Hex/Air        0%         N/A       100%        5
 Lehudib's Crystal Spear  Conj/Erth      0%         10d2      100%        8


Dungeon Overview and Level Annotations

Branches:
Dungeon (5/15)
 Temple: D:4-7

Altars:

Shops:
D:1 [

Annotations:
D:3 3 runed translucent doors, ChadusMaximus's ghost, novice HuSu


Innate Abilities, Weirdness & Mutations

You have sharp claws.
You have razor-sharp teeth.
You have supernaturally acute eyesight. (SInv)
You cover ground quickly. (Speed+)
You are covered in fur. (AC +1)
Your paws help you pounce on unaware monsters.
You are incapable of wielding weapons or throwing items.
You cannot wear armour.
You gain extra lives every three experience levels.


Message History

You see here a staff of earth.
The orc shouts! x2; You hear a shout!
The orc misses you.
The orc wizard shouts!
You scratch the orc.
The orc is lightly wounded.
The orc completely misses you.
You barely miss the orc.
The orc is lightly wounded.
The orc closely misses you.
You scratch the orc but do no damage.
The orc is lightly wounded.
The orc hits you with a +0 mace.
You barely miss the orc.
The orc is lightly wounded.
The orc barely misses you.
You scratch the orc.
You kill the orc!
Unknown command.
You scratch the orc wizard but do no damage.
The orc wizard misses you.
Unknown command.
You barely miss the orc wizard.
Unknown command.
You closely miss the orc wizard.
The orc wizard hits you with a +0 dagger.
The orc hits you with a +0 hand axe.
Unknown command.
You completely miss the orc wizard.
Unknown command.
You scratch the orc wizard.
The orc wizard is lightly wounded.
The orc wizard barely misses you. The orc closely misses you.
Unknown command.
You miss the orc wizard. Your claw misses the orc wizard.
The orc wizard is lightly wounded.
The orc hits you with a +0 hand axe!
* * * LOW HITPOINT WARNING * * *
The orc wizard hits you with a +0 dagger.
You die...

#...# ##....#..# ######.#####
#.<)# ####...## ###......
#...####### #...# #.......#
#.........#####...#######.#####.#
#..)#####.##.....)........#####.#
................#.........##.....
........#..#...###.|......##.##.#
^..........####o#.##......##.##.#
#...#####.##...o@.##............#
#.........##.##)..##########.####
#...########.###############.#
#...#####...>.....##.......#.#
#............##.#.##.#####†#.#
#....####....##.#.##.#####.#.#
.......##...o...#.##.........#
........#...##..#.##..#.##.###
.............#..#.##..#.##.#


You could see an orc wizard and an orc.

Vanquished Creatures
  A worm (D:2)
  2 dart slugs
  4 orcs
  3 ball pythons
  4 endoplasms
  2 giant cockroaches
  7 goblins
  3 hobgoblins
  A kobold (D:2)
  5 quokkas
  7 bats
  5 frilled lizards
  A rat (D:1)
45 creatures vanquished.

Vanquished Creatures (others)
  3 fungi (D:3)
  A plant (D:3)
4 creatures vanquished.

Grand Total: 49 creatures vanquished

Notes
Turn   | Place    | Note
-------+----------+-------------------------------------------
     0 | D:5      | Descartes the Felid Delver began the quest for the Orb.
     0 | D:5      | Reached XP level 1. HP: 10/10 MP: 2/2
    33 | D:4      | Noticed an ogre
    76 | D:4      | Noticed a phantom
   316 | D:3      | Reached XP level 2. HP: 14/14 MP: 3/3
   513 | D:3      | Found a runed translucent gate.
   513 | D:3      | Found a runed translucent gate.
   513 | D:3      | Found a runed translucent gate.
   515 | D:3      | Noticed ChadusMaximus's ghost (novice HuSu)
   515 | D:3      | Noticed a kobold brigand
  1409 | D:1      | Reached XP level 3. HP: 16/17 MP: 4/4
  1462 | D:1      | Reached skill level 7 in Stealth
  1536 | D:1      | Found Ucivilim's Armour Emporium.
  1613 | D:1      | Found a faded altar of an unknown god.
  3100 | D:2      | Slain by an orc wizard

Illustrated notes

Levels and vault maps discovered:
D:1:      dpeg_arrival_water_fire, layout_basic,
          shapermc_ecumenical_altar_totnotflames, serial_shops,
          nicolae_shop_crystal, minmay_misc_feat_encased
D:2:      layout_loops_cross
D:3:      layout_basic, gammafunk_ghost_nasty_kobolds, minmay_misc_feat_square,
          minmay_door_square
D:4:      layout_cave_pools, serial_shops, shop, uniq_sigmund,
          uniq_crazy_yiuf_cottage
D:5:      layout_loops_ring, mainiacjoe_overflow_big_doors,
          minmay_temple_entry_slanted, dreamdust_wishing_well

Skill      XL: |  1  2  3 |
---------------+----------+-----
Dodging        | 3 |  3.6
Stealth        | 7 |  7.1
Fighting       | |  3.5
Unarmed Combat | |  2.6

Action                   || total
-------------------------++-------
Melee: Unarmed           ||    89
       Bite              ||     8
       Punch             ||     1
 Stab: Sleeping          ||    21
Armor: Skin              ||     2
Dodge: Dodged            ||    51
